 Dungeon Crawl Stone Soup version 0.31-a0-237-g2d982f9f85 (webtiles) character file.

Game seed: 11512189432488606289

73 qw the Shooter (level 4, -4/26 HPs)
             Began as a Gargoyle Hexslinger on July 10, 2023.
             Slain by an iguana (8 damage)
             ... on level 4 of the Dungeon.
             The game lasted 00:00:41 (1614 turns).

qw the Shooter (Gargoyle Hexslinger)                Turns: 1614, Time: 00:00:42

Health: -4/26      AC: 17    Str: 11    XL:     4   Next: 27%
Magic:  5/5        EV: 10    Int: 14    God:
Gold:   190        SH:  0    Dex: 14    Spells: 4/5 levels left

rFire   . . .        Y - +1 sling
rCold   . . .        (no shield)
rNeg    + . .        h - +0 ring mail
rPois   inf          (no helmet)
rElec   +            f - +0 cloak
rCorr   .            (no gloves)
SInv    .            (no boots)
Will    .....        d - amulet of faith
Stlth   +            e - +4 ring of protection
HPRegen 0.24/turn    i - +4 ring of protection
MPRegen 0.09/turn

%: faith
@: no status effects
A: sickness immunity, AC +3, negative energy resistance 1, electricity
resistance, torment resistance 1, petrification resistance
a: no special abilities


You were on level 4 of the Dungeon.
You visited 1 branch of the dungeon, and saw 4 of its levels.

You collected 190 gold pieces.


Innate Abilities, Weirdness & Mutations

You are immune to sickness and miasma.
Your stone body is resilient. (AC +3)
You are immune to poison.
You resist negative energy. (rN+)
You are resistant to electric shocks. (rElec)
You are resistant to unholy torment.
You are immune to petrification.


   Skills:
 - Level 2.0 Fighting
 - Level 4.0 Ranged Weapons
 + Level 0.5 Armour
 - Level 1.5 Dodging
 - Level 1.0 Spellcasting
 - Level 2.6 Hexes


You had 4 spell levels left.
You knew the following spells:

 Your Spells              Type           Power      Damage    Failure   Level
a - Slow                  Hex            32%        N/A       22%         1

Your spell library contained the following spells:

 Spells                   Type           Power      Damage    Failure   Level
 Inner Flame              Hex/Fire       4%         N/A       73%         3
 Portal Projectile        Hex/Tloc       8%         N/A       73%         3
 Cause Fear               Hex            4%         N/A       91%         4

Inventory:

Hand Weapons
 Y - a +1 sling (weapon)
Armour
 f - a +0 cloak (worn)
 h - a +0 ring mail (worn)
Jewellery
 d - an amulet of faith (around neck)
 e - a +4 ring of protection (left hand)
 i - a +4 ring of protection (right hand)
Scrolls
 a - 4 scrolls of identify
Potions
 b - a potion of invisibility {unknown}
 g - 2 potions of curing

Dungeon Overview and Level Annotations

Branches:
Dungeon (3/15)

Altars:

Shops:
D:3 =

Annotations:
D:4 Pikel


Message History

The iguana bites you but does no damage.
You shoot a sling bullet. The sling bullet hits the iguana.
The iguana is lightly wounded.
The iguana barely misses you.
You shoot a sling bullet.
The sling bullet completely misses the iguana.
The iguana closely misses you. The iguana bites you.
You shoot a sling bullet.
The sling bullet barely misses the iguana.
The iguana barely misses you.
You shoot a sling bullet. The sling bullet hits the iguana.
The iguana is moderately wounded.
The iguana closely misses you.
An orc comes into view. It is wielding a +0 mace.
You shoot a sling bullet.
The sling bullet barely misses the iguana.
The sling bullet closely misses the lemure.
The orc shouts!
The iguana bites you but does no damage.
A lemure comes into view.
The iguana barely misses you.
A lemure comes into view.
You shoot a sling bullet.
The sling bullet completely misses the iguana.
The sling bullet closely misses the lemure.
The lemure shouts!
You hear a shout!
The iguana bites you!
Pikel, Merchant of Souls comes into view.
He is wielding a +1 whip of freezing.
You shoot a sling bullet. The sling bullet hits the iguana.
The iguana is heavily wounded.
The iguana bites you but does no damage.
You shoot a sling bullet.
The sling bullet closely misses the iguana.
The sling bullet hits the lemure but does no damage.
The iguana bites you.
You shoot a sling bullet. The sling bullet hits the iguana.
The iguana is severely wounded.
The iguana bites you! x2
You die...

#....... #......
....5. ..... #...
#5o #l###
..####@#.#######.#
#.......)..........
##......#.#.#####..
####..#####.#
###.###.## #.#.##
#.## #.# #..


You could see 2 lemures, an iguana and an orc.

Vanquished Creatures
  2 adders (D:2)
  2 worms
  2 dart slugs
  5 ball pythons
  An endoplasm (D:1)
  2 giant cockroaches (D:1)
  4 goblins
  5 hobgoblins
  4 jackals (D:1)
  6 kobolds
  2 quokkas (D:1)
  6 bats
  A rat (D:3)
42 creatures vanquished.

Notes
Turn   | Place    | Note
-------+----------+-------------------------------------------
     0 | D:1      | qw the Gargoyle Hexslinger began the quest for the Orb.
     0 | D:1      | Reached XP level 1. HP: 12/12 MP: 2/2
     0 | D:1      | 0 ||| qw: Version: 0.3-a-52-g30416fa
     0 | D:1      | 0 ||| qw: Game counter: 5364
     0 | D:1      | 0 ||| qw: Melee chars always use a shield: true
     0 | D:1      | 0 ||| qw: God list: Okawaru
     0 | D:1      | 0 ||| qw: Allow faded altars: false
     0 | D:1      | 0 ||| qw: Do Orc after clearing Dungeon:15 true
     0 | D:1      | 0 ||| qw: Do second Lair branch before Depths: true
     0 | D:1      | 0 ||| qw: Lair rune preference: random
     0 | D:1      | 0 ||| qw: Goals: Normal
     0 | D:1      | 0 ||| PLANNING D:1-11
    51 | D:1      | HP: 2/12 [frozen (3)]
   108 | D:1      | Reached XP level 2. HP: 16/16 MP: 3/3
   201 | D:1      | Reached skill level 3 in Ranged Weapons
   356 | D:1      | Reached XP level 3. HP: 16/21 MP: 4/4
   815 | D:1      | 815 ||| UPGRADING to +0 ring mail.
   825 | D:1      | 825 ||| DROPPING +0 robe.
   826 | D:1      | 826 ||| UPGRADING to +4 ring of protection.
   827 | D:1      | 827 ||| UPGRADING to +4 ring of protection.
   828 | D:1      | 828 ||| READING 3 scrolls labelled JOGEC OMOKINIEK.
   829 | D:1      | 829 ||| DRINKING 2 smoky green potions.
   830 | D:1      | 830 ||| READING 2 scrolls of identify.
   830 | D:1      | 830 ||| IDENTIFYING fuming green potion
   831 | D:1      | 831 ||| DROPPING scroll of poison.
   832 | D:1      | 832 ||| DROPPING potion of attraction.
  1037 | D:2      | Reached XP level 4. HP: 25/26 MP: 5/5
  1195 | D:2      | Reached skill level 4 in Ranged Weapons
  1242 | D:2      | Found a faded altar of an unknown god.
  1414 | D:2      | 1414 ||| UPGRADING to +0 cloak.
  1419 | D:2      | 1419 ||| UPGRADING to amulet of guardian spirit.
  1424 | D:2      | 1424 ||| UPGRADING to amulet of faith.
  1434 | D:2      | 1434 ||| DROPPING amulet of guardian spirit.
  1435 | D:2      | 1435 ||| READING scroll labelled XESAASOBLE.
  1574 | D:3      | Found Odwyahoh's Jewellery Shop.
  1582 | D:3      | 1582 ||| SHOPLISTING amulet of reflection (360 gold, have
                  | 190).
  1582 | D:3      | 1582 ||| SHOPLISTING ring "Keusseda" {rF+ Will+ Str-4
                  | Dex+4} (468 gold, have 190).
  1582 | D:3      | 1582 ||| SHOPLISTING ring of protection from fire (300
                  | gold, have 190).
  1595 | D:3      | You fall into a shaft and drop 1 floor!
  1604 | D:4      | Noticed a lemure
  1610 | D:4      | Noticed a lemure
  1610 | D:4      | Noticed a lemure
  1612 | D:4      | Noticed Pikel
  1614 | D:4      | HP: 4/26 [iguana (11)]
  1614 | D:4      | Slain by an iguana

Levels and vault maps discovered:
D:1:      amcnicky_arrival_wind_blow, layout_basic
D:2:      layout_loops_cross, dreamdust_ecumenical_altar_statues
D:3:      layout_rooms, pdpol_wu_jian_five_deadly_venoms,
          minmay_overflow_temple_star_quad, serial_shops, shop, shop
D:4:      layout_loops_cross, minmay_temple_entry_offerings,
          minmay_fractal_squares_gapless_5, uniq_pikel, uniq_menkaure

Skill      XL: |  1  2  3  4 |
---------------+-------------+-----
Ranged Weapons | 3 4 |  4.0
Fighting       | 2 |  2.0
Armour         | |  0.5
Dodging        | |  1.5
Spellcasting   | |  1.0
Hexes          | |  2.6

Action                     |  1- 3 |  4- 6 || total
---------------------------+-------+-------++-------
   Fire: Sling             |   119 |    51 ||   170
    Use: Scroll            |     2 |     1 ||     3
         Potion            |     1 |       ||     1
 Armour: Robe              |    22 |       ||    22
         Ring mail         |    10 |    13 ||    23
  Dodge: Dodged            |    57 |    18 ||    75

Table legend:
 A = Non-vault XP
 B = Vault XP
 C = Vault XP percentage of total XP
 D = Non-vault monster count
 E = Vault monster count
 F = Vault count percentage of total count
                 A         B        C        D         E       F
            +---------+---------+-------+---------+---------+-------
      Total |     105 |       0 |   0.0 |      42 |       0 |   0.0
            +---------+---------+-------+---------+---------+-------
        D:1 |      52 |       0 |   0.0 |      28 |       0 |   0.0
        D:2 |      47 |       0 |   0.0 |      12 |       0 |   0.0
        D:3 |       6 |       0 |   0.0 |       2 |       0 |   0.0
            +---------+---------+-------+---------+---------+-------
